 Dungeon Crawl Stone Soup version 0.18.1-50-g88ac8fd (webtiles) character file.

495 DakAttack the Covert (level 7, -2/46 HPs)
             Began as an Octopode Assassin on Oct 12, 2016.
             Was an Initiate of Cheibriados.
             Slain by a hound (3 damage)
             ... on level 5 of the Dungeon.
             The game lasted 00:06:13 (4037 turns).

DakAttack the Covert (Octopode Assassin)            Turns: 4037, Time: 00:06:14

Health: -2/46      AC:  1    Str: 11    XL:     7   Next: 15%
Magic:  7/7        EV:  8    Int: 15    God:    Cheibriados [......]
Gold:   294        SH:  0    Dex: 16    Spells: 0 memorised, 6 levels left

rFire  + . .     SeeInvis .     a - +3 dagger
rCold  + . .     Gourm    .     (no shield)
rNeg   . . .     Faith    .     (helmet restricted)
rPois  +         Spirit   .     (no amulet)
rElec  +         Dismiss  .     (no ring)
rCorr  +         Reflect  .     (no ring)
SustAt .         Harm     .     (no ring)
MR     +....                    (no ring)
Stlth  ++++++....               (no ring)
                                (no ring)
                                (no ring)
                                (no ring)

@: resistant, flying, very slow, somewhat resistant to hostile enchantments,
very stealthy
A: almost no armour, amphibious, 8 rings, constrict 8, camouflage 1, magic
resistance 1, gelatinous body 1
a: Bend Time, Renounce Religion


You were on level 5 of the Dungeon.
You worshipped Cheibriados.
Cheibriados was noncommittal.
You were very hungry.

You visited 2 branches of the dungeon, and saw 6 of its levels.

You collected 294 gold pieces.

Inventory:

Hand Weapons
 a - a +3 dagger (weapon)
 b - a +0 blowgun
Missiles
 c - 49 poisoned needles
 d - 2 curare-tipped needles
Jewellery
 e - an uncursed amulet of rage
Scrolls
 g - a scroll of remove curse
 l - 3 scrolls of fog
Comestibles
 f - 4 bread rations
 h - 3 meat rations
 m - 3 fruits


   Skills:
 + Level 3.5 Fighting
 + Level 3.2 Short Blades
 - Level 2.0 Throwing
 + Level 2.9 Dodging
 + Level 9.3 Stealth


You had 6 spell levels left.
You didn't know any spells.

Dungeon Overview and Level Annotations

Branches:
Dungeon (5/15)             Temple (1/1) D:4

Altars:
Ashenzari
Cheibriados
Dithmenos
Elyvilon
Fedhas
Gozag
Makhleb
Nemelex Xobeh
Okawaru
Qazlal
Ru
Sif Muna
Trog
Xom
Zin


Innate Abilities, Weirdness & Mutations

You cannot wear most types of armour.
You are amphibious.
You can wear up to eight rings at the same time.
You can use your tentacles to constrict eight enemies at once.
Your skin changes colour to match your surroundings (Stealth).
Your rubbery body absorbs attacks (AC +1).
You are resistant to hostile enchantments.


Message History

You feel very buoyant.
You fly up into the air.
The hound misses you. The hound misses you. The hound closely misses you.
The hound closely misses you. The hound bites you.
* * * LOW HITPOINT WARNING * * *
The hound barely misses you. The hound closely misses you.
The hound barely misses you. The hound misses you. The hound barely misses you.
The hound bites you.
* * * LOW HITPOINT WARNING * * *
The hound barely misses you.
There is a stone staircase leading up here.
The hound bites you.
* * * LOW HITPOINT WARNING * * *
The hound bites you.
You die...

#o# #.#
####o#
#o..(#
#.#### #.#
#.#####
#.o...####
#####.##@#
#.##h#
#.##o###
#.#.o..#
#o#..#.#
#o#..#o#
#.#..#.#
#.####o#
#.oo...#


You could see a hound and 2 orcs.

Vanquished Creatures
  The ghost of AshitakaSan the Ruffian, an amateur DrTm of Sif Muna (D:3)
  A scorpion (D:4)
  An orc priest (D:4)
  A centaur skeleton (D:4)
  5 worker ants (D:4)
  A hound skeleton (D:4)
  A howler monkey skeleton (D:4)
  6 adders
  An ooze (D:3)
  An adder skeleton (D:4)
  2 worms
  2 dart slugs
  3 giant geckos
  11 orcs
  9 bats
  2 giant cockroaches (D:3)
  6 goblins
  7 hobgoblins
  9 jackals
  7 kobolds
  3 quokkas
  2 ball pythons
  3 giant newts
  6 rats
91 creatures vanquished.

Notes
Turn   | Place    | Note
--------------------------------------------------------------
     0 | D:1      | DakAttack the Octopode Assassin began the quest for the Orb.
     0 | D:1      | Reached XP level 1. HP: 14/14 MP: 1/1
   111 | D:1      | Reached XP level 2. HP: 18/19 MP: 2/2
   733 | D:2      | Reached XP level 3. HP: 25/25 MP: 3/3
   742 | D:2      | Reached skill level 6 in Stealth
  1314 | D:2      | Reached XP level 4. HP: 25/30 MP: 4/4
  1403 | D:2      | Reached skill level 7 in Stealth
  1667 | D:3      | Found a faded altar to an unknown god.
  1709 | D:3      | Noticed AshitakaSan's ghost (amateur DrTm)
  1737 | D:3      | Gained mutation: Your spells are a little harder to cast, but a little more powerful. [potion of mutation]
  1737 | D:3      | Gained mutation: You are resistant to hostile enchantments. [potion of mutation]
  1737 | D:3      | Lost mutation: Your spells are a little harder to cast, but a little more powerful. [potion of mutation]
  1768 | D:3      | Killed AshitakaSan's ghost
  1768 | D:3      | Reached skill level 8 in Stealth
  1768 | D:3      | Reached XP level 5. HP: 16/35 MP: 5/5
  1915 | D:3      | Found a shattered altar of Ashenzari.
  2448 | D:3      | Found an iron altar of Okawaru.
  2594 | D:3      | Found a bloodstained altar of Trog.
  2872 | D:4      | Reached XP level 6. HP: 41/41 MP: 6/6
  2940 | D:4      | Reached skill level 9 in Stealth
  3422 | D:4      | Found a burning altar of Makhleb.
  3424 | D:4      | Noticed an Executioner
  3469 | D:4      | Found a staircase to the Ecumenical Temple.
  3473 | D:4      | Reached XP level 7. HP: 34/46 MP: 7/7
  3481 | Temple   | Entered the Ecumenical Temple
  3695 | Temple   | Became a worshipper of Cheibriados the Contemplative
  3965 | D:5      | Entered Level 5 of the Dungeon
  4037 | D:5      | HP: 1/46 [hound (4)]
  4037 | D:5      | Slain by a hound

Skill      XL: |  1  2  3  4  5  6 |
---------------+-------------------+-----
Stealth        | 6 8 9 |  9.3
Fighting       | 3 |  3.5
Dodging        | 2 |  2.9
Short Blades   | 3 |  3.2
Throwing       | |  2.0

Action                   |  1- 3 |  4- 6 |  7- 9 || total
-------------------------+-------+-------+-------++-------
Melee: Dagger            |    58 |   135 |    23 ||   216
       Constrict         |    10 |    22 |     9 ||    41
       Tentacles         |    11 |    23 |     7 ||    41
  Use: Scroll            |     5 |     3 |     1 ||     9
       Potion            |       |     4 |     3 ||     7
 Stab: Sleeping          |     9 |    18 |     2 ||    29
  Eat: Royal jelly       |     1 |       |       ||     1
       Meat ration       |       |     1 |       ||     1
       Chunk             |       |     1 |       ||     1
       Fruit             |       |       |     1 ||     1
Armor: Skin              |     9 |    33 |     1 ||    43
Dodge: Dodged            |    22 |    55 |    36 ||   113
